 Seeded DCSS version 0.31-a0-1612-g4aaf141004 (webtiles) character file.

Game seed: 560841995258110699 (custom seed)

2 Esekla the Grave Robber (level 1, -2/13 HPs)
             Began as a Formicid Necromancer on Jan 9, 2024.
             Was an Initiate of Ashenzari.
             Slain by a wyvern (15 damage)
             ... on level 7 of the Dungeon.
             The game lasted 00:06:26 (610 turns).

Esekla the Grave Robber (Formicid Necromancer)       Turns: 610, Time: 00:06:26

Health: -2/13      AC:  2    Str: 12    XL:     1   Next: 33%
Magic:  3/3        EV: 12    Int: 14    God:    Ashenzari [......]
Gold:   49         SH:  0    Dex: 14    Spells: 3/4 levels left

rFire   . . .        e - +0 hand axe
rCold   . . .        (no shield)
rNeg    . . .        a - +0 robe
rPois   .            (helmet unavailable)
rElec   .            (no cloak)
rCorr   .            (no gloves)
SInv    +            (no boots)
Will    .....        (no amulet)
Stlth   ++           (no ring)
HPRegen 0.22/turn    (no ring)
MPRegen 0.08/turn

%: no passive effects
@: no status effects
A: permanent stasis, dig shafts and tunnels, antennae 3, four strong arms
a: Dig, Shaft Self, Renounce Religion


You were on level 7 of the Dungeon.
You worshipped Ashenzari.
Ashenzari was noncommittal.
You visited 2 branches of the dungeon, and saw 7 of its levels.

You collected 49 gold pieces.

Inventory:

Hand Weapons
 e - a +0 hand axe (weapon)
 s - a +0 dagger
Armour
 a - a +0 robe (worn)
Scrolls
 f - a scroll of vulnerability {unknown}
 g - a scroll of identify {unknown}
 h - a scroll of noise {unknown}
 j - a scroll of butterflies {unknown}
Potions
 b - a potion of magic
 c - a potion of lignification {unknown}
 d - 2 potions of experience {unknown}
 i - a potion of curing {unknown}
 k - a potion of heal wounds {unknown}


   Skills:
 + Level 1.7 Dodging
 + Level 2.4 Stealth
 * Level 2.3 Spellcasting
 + Level 4.0 Necromancy


You had 3 spell levels left.
You knew the following spells:

 Your Spells              Type           Power      Damage    Failure   Level
a - Necrotise             Necr           48%        1d6       4%          1

Your spell library contained the following spells:

 Spells                   Type           Power      Damage    Failure   Level
 Vampiric Draining        Necr           12%        2d6       13%         3
 Hailstorm                Conj/Ice       1%         3d5       56%         3
 Summon Ice Beast         Ice/Summ       1%         N/A       56%         3
 Animate Dead             Necr           12%        N/A       41%         4
 Curse of Agony           Necr           12%        N/A       77%         5
 Sculpt Simulacrum        Ice/Alch       0%         N/A       100%        6


Dungeon Overview and Level Annotations

Branches:
Dungeon (8/15)             Temple (1/1) D:7
   Lair: D:8-11

Altars:
Ashenzari
Cheibriados
Elyvilon
Hepliaklqana
Kikubaaqudgha
Makhleb
Okawaru
Ru
Sif Muna
Trog
Uskayaw
Vehumet
Xom
Zin
The Shining One


Innate Abilities, Weirdness & Mutations

You cannot be hasted, slowed, berserked, paralysed or teleported.
You can dig through walls and to a lower floor.
You have a pair of large antennae on your head. (SInv)
Your four strong arms can wield two-handed weapons with a shield.


Message History

Found a scroll labelled TOMPYA NIAHOET.
j - a scroll labelled TOMPYA NIAHOET
Found a leather armour.
Found a smoky inky potion.
k - a smoky inky potion You open the door.
Found 4 stones.
There is an open door here.
There is a stone staircase leading up here.
You climb upwards.
There is a stone staircase leading down here.
The ogre shouts!
There is a staircase to the Ecumenical Temple here.
You climb downwards.
Welcome to the Ecumenical Temple!
Found a burning altar of Makhleb.
Found a staircase back to the Dungeon.
There is a staircase back to the Dungeon here.
Found a sacrificial altar of Ru and a glowing golden altar of the Shining One.
There is a sacrificial altar of Ru here.
Found a hazy altar of Hepliaklqana.
Found a glowing silver altar of Zin and a snail-covered altar of Cheibriados.
Found a hide-covered altar of Uskayaw.
Found a broken altar of Ashenzari.
Found an iron altar of Okawaru.
There is a broken altar of Ashenzari here.
You kneel at the altar of Ashenzari.
Ashenzari welcomes you!
Ashenzari warns you of distant threats and treasures.
Ashenzari shows you where magical portals lie.
Found a radiant altar of Vehumet.
There is a staircase back to the Dungeon here.
Unknown command.
You climb upwards.
Welcome back to the Dungeon!
The orc barely misses you. The orc misses you.
There is a staircase to the Ecumenical Temple here.
Okay, then.
Okay, then.
The ogre attacks as it pursues you! The ogre barely misses you.
You begin to dig a shaft.
You continue digging a shaft.
The wyvern bites you!
Ouch! That really hurt!
You die...

.# #.#.....##...... .#
#.#.##.## ##......
.######.#.##.### #......#
..)............###......#
........#..)............#
..........#######.......#
.........#### ##.......####
............####>k.........#
.............##.@#..{P.P...#
................##{k.>.....#
..............o###.........#
................###...P....#
#.##.............#.........#
#.##.............o.........##
#............#..#...........#
......................#.<...#
............................#


You could see a wyvern and an orc.

Vanquished Creatures
  An orc (D:8)
1 creature vanquished.

Notes
Turn   | Place    | Note
-------+----------+-------------------------------------------
     0 | D:1      | Esekla the Formicid Necromancer began the quest for the
                  | Orb.
     0 | D:1      | Reached XP level 1. HP: 13/13 MP: 3/3
    33 | D:1      | You fall into a shaft and drop 1 floor!
   106 | D:2      | You fall into a shaft and drop 2 floors!
   173 | D:4      | Noticed a black bear
   229 | D:4      | You fall into a shaft and drop 2 floors!
   263 | D:6      | Noticed a scorpion
   340 | D:7      | Noticed a wyvern
   445 | D:7      | Found a staircase to the Ecumenical Temple.
   446 | D:7      | Noticed an ogre
   565 | Temple   | Entered the Ecumenical Temple
   583 | Temple   | Became a worshipper of Ashenzari the Shackled
   610 | D:7      | Slain by a wyvern

Illustrated notes

Levels and vault maps discovered:
D:1:      ncdulo_smallfort, layout_loops_cross
D:2:      layout_loops_cross, ebering_ecumenical_altar_sacrificial
D:4:      layout_loops_ring
D:6:      layout_layer_cave, grunt_gozag_statues, serial_shops, shop,
          uniq_crazy_yiuf_cottage
D:7:      layout_rooms, minmay_temple_entry_overgrown
D:8:      layout_basic, uniq_joseph, uniq_maggie
Temple:   eino_wide_crystal_templ

Action                     || total
---------------------------++-------
  Melee: Hand axe          ||     5
Ability: Shaft Self        ||     4
 Armour: Robe              ||     5
  Dodge: Dodged            ||     5

Table legend: (Time is in decaauts)
 A = Elapsed time spent in this place.
 B = Non-inter-level travel time spent in this place.
 C = Inter-level travel time spent in this place.
 D = Time resting spent in this place.
 E = Time spent auto-exploring this place.
 F = Levels seen in this place.
 G = Mean time per level.
                   A        B        C        D        E       F      G
               +--------+--------+--------+--------+--------+-----+--------+
         Total |    610 |    610 |      0 |      7 |      0 |   7 |   87.1 |
       Dungeon |    576 |    576 |      0 |      7 |      0 |   6 |   96.0 |
        Temple |     33 |     33 |      0 |      0 |      0 |   1 |   33.0 |
               +--------+--------+--------+--------+--------+-----+--------+

Top non-repeatable levels by time:
     D:7: 191 daAuts
     D:4: 122 daAuts
     D:8: 93 daAuts
     D:2: 72 daAuts
     D:6: 63 daAuts
  Temple: 33 daAuts
     D:1: 33 daAuts
